[Event "*** Titled Tuesday Blitz"]
[Site "Chess.com"]
[Date "2021.02.09"]
[Round "9"]
[White "Kurkusha"]
[Black "Ze-Pequeno"]
[Result "0-1"]
[WhiteElo "2343"]
[BlackElo "2248"]
[TimeControl "180+1"]
[EndTime "11:46:13 PST"]
[Termination "Ze-Pequeno won by resignation"]

1. d4 Nf6 2. c4 Nc6 3. Nf3 e6 4. Nc3 Bb4 5. Qc2 O-O 6. e4 d6 7. Bd3 e5 8. Be3 Ng4 9. O-O Nxe3 10. fxe3 Bxc3 11. bxc3 b6 12. Rad1 Qe7 13. Qf2 Ba6 14. Qg3 Rae8 15. Nh4 Kh8 16. Nf5 Qf6 17. Nh4 Qh6 18.
Rf3 g6 19. Rdf1 Qg7 20. Qh3 Kg8 21. Rg3 Qh6 22. Qd7 Nb8 23. Qg4 Kh8 24. Rh3 Bc8 25.
Nf5 gxf5 26. exf5 Qf6 27. Qh5 h6 28. Qxh6+ Qxh6 29. Rxh6+ Kg7 30. Rh4 Kf6 31. Rh6+ Kg7 32. Rh3 f6 33. Rg3+ Kf7 34. c5 d5 35. e4 c6 36. exd5 cxd5 37. Rh3 Rh8 38. Re3 e4 39. Bb5 Rd8 40. h3 bxc5 41. dxc5 Nd7 42. c6 Ne5 43. Kf2 a6 44. Ba4 Rd6 45. g4 Nd3+ 46. Ke2 Nc5 47. Bb3 Nxb3 48. axb3 Rxc6 49. Ra1 Rd8 50. h4 Bb7 51.
Rd1 Rc5 52. Rd4 Rdc8 53. Kd2 a5 54. Kc2 Rh8 55. h5 Rg8 56. Rg3 Kg7 57. g5 fxg5 58.
Rxg5+ Kf7 59. Rg6 Bc8 60. Rd6 Bxf5 61. R6xd5 Rxd5 62. Rxd5 Kf6 63. Kd2 Rg2+ 64. Ke3 Rg3+ 65. Kd4 Rd3+ 66. Kc4 Rxd5 67. Kxd5 e3 0-1

[Event "*** Titled Tuesday Blitz"]
[Site "Chess.com"]
[Date "2021.02.09"]
[Round "9"]
[White "FGHSMN"]
[Black "SilviusTiberius"]
[Result "1-0"]
[WhiteElo "2629"]
[BlackElo "2506"]
[TimeControl "180+1"]
[EndTime "11:46:14 PST"]
[Termination "FGHSMN won by checkmate"]

1. e4 e5 2. Nf3 Nc6 3. Bc4 Bc5 4. d3 Nf6 5. a4 d6 6. c3 a6 7. O-O h6 8. d4 Ba7 9. dxe5 Nxe5 10. Nxe5 dxe5 11. Qxd8+ Kxd8 12. Bxf7 Nxe4 13. Be3 Bxe3 14. fxe3 Rf8 15. Na3 Ke7 16. Bg6 Rxf1+ 17. Rxf1 Nd6 18. c4 c5 19. b3 Bd7 20. a5 Rb8 21. Nb1 b6 22.
Nc3 Bc6 23. axb6 Rxb6 24. Rb1 e4 25. Bh5 Ke6 26. Bg4+ Ke5 27. Bd1 Rb8 28. Ra1 Rb6 29.
Bc2 Nf5 30. Kf2 Nd6 31. Rd1 Rb8 32. Ra1 Bb7 33. Ra5 Rc8 34. Na4 Rf8+ 35. Ke2 Bc8 36. Nxc5 Bg4+ 37. Ke1 Kf6 38. Rxa6 Ke7 39. Nxe4 Nf5 40.
Nf2 Nxe3 41. Nxg4 Nxg4 42. Ra7+ Kf6 43. h3 Ne3 44. Be4 Ke5 45. Bf3 g5 46. Kf2 Nd1+ 47. Kg3 Nc3 48. c5 h5 49. c6 h4+ 50. Kh2 Nb5 51. Ra5 Kd4 52. Rxb5 Re8 53. Rd5+ Kc3 54. c7 Kb2 55. Rc5 Re1 56. c8=Q g4 57. hxg4 h3 58. Rc2+ Kb1 59. Be4 Ka1 60. Rc1+ Kb2 61.
Qc2+ Ka3 62. Rxe1 hxg2 63. Qc4 Ka2 64. Kg1 Kb2 65. Re2+ Ka3 66. Qa6+ Kb4 67. Qb6+ Kc3 68. Qc5+ Kxb3 69. Qb5+ Ka3 70. Qa5+ Kb3 71. Bd5# 1-0

[Event "*** Titled Tuesday Blitz"]
[Site "Chess.com"]
[Date "2021.02.09"]
[Round "9"]
[White "Euwe1234"]
[Black "Legendinunknown"]
[Result "1/2-1/2"]
[WhiteElo "2476"]
[BlackElo "2602"]
[TimeControl "180+1"]
[EndTime "11:46:17 PST"]
[Termination "Game drawn by repetition"]

1. e4 e5 2. Nf3 Nc6 3. Bb5 a6 4. Ba4 d6 5. c3 g6 6. d4 Bd7 7.
O-O Bg7 8. Re1 Nge7 9. Bg5 f6 10. Be3 O-O 11. Bb3+ Kh8 12. Qd2 Na5 13. Bh6 Nxb3 14. axb3 Bg4 15. Bxg7+ Kxg7 16. Re3 f5 17. dxe5 Bxf3 18.
Rxf3 dxe5 19. exf5 Nxf5 20. Qe1 e4 21. Rf4 Qg5 22.
Rxe4 Rae8 23. Rxe8 Rxe8 24. Qf1 Nh4 25. Na3 Re2 26. Nc4 b5 27. Ne3 Rxb2 28. Rxa6 Nf3+ 29. Kh1 Nd2 30. Qe2 Rb1+ 31. Nd1 Ne4 32. g3 Qd5 33. Kg2 Nc5+ 34. Kh3 Qf5+ 35. g4 Qd3+ 36. Qxd3 Nxd3 37. Ne3 Rxb3 38. Rc6 h5 39. Rxc7+ Kf6 40. Kg3 Ne5 41. f4 Nxg4 42. Nxg4+ hxg4 43. Kxg4 Rb2 44. h4 Rg2+ 45. Kf3 Rb2 46. Rc6+ Kg7 47. Rb6 Rb3 48. Kg4 Rxc3 49.
Rxb5 Rc1 50. Rb6 Rg1+ 51. Kh3 Rf1 52. Kg3 Rg1+ 53. Kh2 Rf1 54. Rb4 Rf2+ 55. Kg3 Rf1 56. Rb5 Kh6 57. Rg5 Rg1+ 58. Kf3 Rh1 59. Kg4 Rg1+ 60.
Kh3 Rh1+ 61. Kg3 Rg1+ 62. Kh2 Ra1 63. Rd5 Ra4 64. Kg3 Ra1 65. f5 Rg1+ 66. Kh2 Rf1 67. fxg6 Kxg6 68. Kg3 Rf8 69. Rd6+ Kh5 70. Rd5+ Kh6 71.
Kg4 Rg8+ 72. Kh3 Ra8 73. Kg4 Ra4+ 74. Kh3 Ra3+ 75. Kg2 Ra4 76. Kg3 Ra3+ 77. Kg4 Ra4+ 78. Kg3 Ra3+ 79. Kg4 Ra4+ 1/2-1/2

[Event "*** Titled Tuesday Blitz"]
[Site "Chess.com"]
[Date "2021.02.09"]
[Round "9"]
[White "GMBenjaminBok"]
[Black "12teen"]
[Result "1/2-1/2"]
[WhiteElo "2999"]
[BlackElo "2860"]
[TimeControl "180+1"]
[EndTime "11:46:18 PST"]
[Termination "Game drawn by repetition"]

1. d4 Nf6 2. c4 e6 3. Nc3 b6 4.
e4 Bb7 5. Bd3 d5 6. cxd5 exd5 7.
e5 Ne4 8. Nf3 Be7 9. O-O O-O 10.
Qc2 Nxc3 11. bxc3 h6 12. Re1 Bc8 13. Qe2 Be6 14. Bc2 c5 15. Qd3 g6 16. Bxh6 Re8 17. Qe3 Nc6 18. Rad1 Rc8 19. Bb1 Na5 20. Qf4 Nc4 21. h4 Na3 22. Bd3 c4 23. Bf1 Nb5 24. Rc1 Ba3 25. Bg5 Be7 26. Bf6 Bxf6 27. exf6 Nd6 28.
h5 Ne4 29. hxg6 fxg6 30. Rxe4 dxe4 31. Ng5 Bf7 32. Nxe4 Rxe4 33. Qxe4 Qxf6 34. Re1 Re8 35. Qb1 Rd8 36. Qb5 Rd5 37. Qa6 Rh5 38. Qc8+ Kg7 39. g3 Qf3 40. Bg2 Qxc3 41. Re3 Qc1+ 42. Bf1 Rh1+ 43. Kxh1 Qxf1+ 44. Kh2 Qxf2+ 45. Kh3 Qxe3 46. Qc7 Qe6+ 47. Kh2 Qe2+ 48. Kh3 g5 49. d5 g4+ 50. Kh4 Qe4 51. d6 Qh7+ 52. Kg5 Qh5+ 53. Kf4 Qh6+ 54.
Kxg4 Qg6+ 55. Kf4 Qf6+ 56. Ke4 Qe6+ 57. Kd4 Qd5+ 58. Kc3 Qd3+ 59. Kb4 a5+ 60. Kb5 c3+ 61. Kxb6 c2 62. d7 Qd4+ 63. Kb7 Qb2+ 64. Ka8 c1=Q 65.
Qxc1 Qxc1 66. d8=Q Qc6+ 67. Ka7 Bd5 68. Qe7+ Kg6 69.
g4 a4 70. g5 Bxa2 71. Qe5 Bd5 72. Qe7 a3 73. Qb4 Qb7+ 74. Qxb7 Bxb7 75. Kxb7 a2 76. Kc7 a1=N 77. Kb8 Nc2 78. Kb7 Nd4 79. Kb8 Ne6 80.
Kb7 Nf4 81. Kb6 Nh5 82. Kb7 Ng3 83. Kb6 Ne4 84. Kb7 Nf2 85. Kc6 Nd3 86. Kb7 Nf4 87.
Kb6 Ng2 88. Kb7 Ne3 89. Kb6 Nf5 90. Kb7 Ng3 91. Kb6 Nh5 92. Kb7 Nf4 1/2-1/2

[Event "*** Titled Tuesday Blitz"]
[Site "Chess.com"]
[Date "2021.02.09"]
[Round "9"]
[White "profofchess"]
[Black "Guzman70"]
[Result "1-0"]
[WhiteElo "2406"]
[BlackElo "2240"]
[TimeControl "180+1"]
[EndTime "11:46:19 PST"]
[Termination "profofchess won by resignation"]

1. e4 g6 2. d4 Bg7 3. Nf3 d6 4. Bc4 e6 5. Qe2 a6 6. Bb3 b5 7. O-O Bb7 8. e5 d5 9. Ne1 c5 10. dxc5 Nd7 11. Nd3 Qc7 12. f4 Nxc5 13. Nxc5 Qxc5+ 14. Be3 d4 15. Bf2 Ne7 16. Nd2 O-O 17. Ne4 Qc6 18. Rae1 Nf5 19. Qd3 Rfd8 20. g4 Ne3 21. Bxe3 Qxe4 22. Qxe4 Bxe4 23. Bd2 Bd5 24. Ba5 Bxb3 25.
Bxd8 Bxc2 26. Bb6 d3 27. Rf2 Bf8 28. a3 b4 29. Ba5 bxa3 30. bxa3 Bxa3 31. Kg2 Rc8 32. Kf3 Bc5 33. Rd2 Rb8 34. Rc1 h6 35.
Rdxc2 dxc2 36. Rxc2 Rb5 37. Bd8 a5 38. Bf6 a4 39.
Rd2 Rb8 40. Rc2 Bf8 41. Rc4 a3 42. Ra4 Rb3+ 43. Ke2 Rb2+ 44. Kd3 a2 45. h4 Rh2 46.
g5 hxg5 47. hxg5 Rf2 48. Kc3 Rxf4 49. Rxa2 Bg7 50. Kd3 Bxf6 51. exf6 Rf5 52. Ra8+ Kh7 53. Rf8 Rxg5 54. Rxf7+ Kh6 55. Re7 e5 56. Re8 Rf5 57. Rh8+ Kg5 58. Ke4 Rxf6 59. Kxe5 Rf5+ 60. Ke4 Rf7 61. Ke3 Rf5 62. Rh7 Rf6 63. Ke2 Ra6 64. Rh8 Ra2+ 65. Kf1 Ra3 66. Kg1 Kg4 67. Rc8 g5 68.
Rc4+ Kh5 69. Rc2 Ra6 70. Rh2+ Kg6 71. Rg2 Rf6 72. Re2 Rf4 73. Ra2 Kf5 74. Ra3 Kg4 75. Kg2 Rf3 76. Rxf3 Kh4 77. Ra3 g4 78. Ra8 1-0

[Event "*** Titled Tuesday Blitz"]
[Site "Chess.com"]
[Date "2021.02.09"]
[Round "9"]
[White "northridgehawk"]
[Black "MerryPoppies"]
[Result "1-0"]
[WhiteElo "2330"]
[BlackElo "2166"]
[TimeControl "180+1"]
[EndTime "11:46:20 PST"]
[Termination "northridgehawk won by checkmate"]

1. e4 e5 2. Nf3 Nf6 3. g3 Nc6 4. d3 Bc5 5. Bg2 O-O 6. O-O d5 7. Qe2 Bg4 8. c3 Re8 9. h3 Bh5 10. g4 Bg6 11. Nbd2 d4 12. Nc4 b5 13. Ncd2 h6 14.
a4 b4 15. Nb3 Bf8 16. c4 a5 17. Nh2 Nd7 18. f4 exf4 19. Bxf4 Nc5 20. Nd2 Ne5 21. Bxe5 Rxe5 22. Ndf3 Re8 23. Rf2 Bd6 24. Raf1 Bf4 25.
Kh1 Be3 26. e5 Bxf2 27. Rxf2 Nxa4 28. Qf1 Nc5 29. Ne1 Rb8 30. Nhf3 a4 31. Nd2 a3 32.
Bd5 a2 33. Rxf7 Qxd5+ 34. cxd5 Bxf7 35. Nc2 Bxd5+ 36. Kh2 b3 37. Na1 Rf8 38. Qe2 Rbe8 39. Kg3 Na4 40. Ndxb3 Rf3+ 41. Kh2 Ref8 42. Kg1 Nxb2 43.
Qxb2 Rf1+ 44. Kh2 R8f2+ 45. Qxf2 Rxf2+ 46. Kg3 Rb2 47. Nxd4 Rb1 48. Nac2 a1=Q 49. Nxa1 Rxa1 50. Nf5 Bf7 51. d4 Ra3+ 52. Kf4 Ra4 53. Ke4 g6 54. Nxh6+ Kg7 55. g5 Be6 56. h4 Bf5+ 57. Kd5 Ra5+ 58. Kc4 Ra1 59. h5 Rf1 60. hxg6 Bxg6 61. Ng4 Bf7+ 62.
Kc5 Rc1+ 63. Kb5 Be6 64. Nf6 Kg6 65. d5 Kxg5 66. dxe6 Re1 67. Nd7 Kf5 68. e7 Ke6 69.
e8=Q+ Kd5 70. Nf6+ Kd4 71. Qc6 Rxe5+ 72. Ka6 Re1 73.
Qxc7 Ra1+ 74. Kb5 Rb1+ 75. Ka4 Ra1+ 76. Kb3 Rb1+ 77. Kc2 Rb4 78. Qd6+ Kc4 79. Qd5# 1-0

[Event "*** Titled Tuesday Blitz"]
[Site "Chess.com"]
[Date "2021.02.09"]
[Round "9"]
[White "OlifantCZ"]
[Black "ChessFighter1975"]
[Result "1-0"]
[WhiteElo "2281"]
[BlackElo "2399"]
[TimeControl "180+1"]
[EndTime "11:46:24 PST"]
[Termination "OlifantCZ won by checkmate"]

1. c4 d6 2. g3 Nf6 3. Bg2 g6 4. Nc3 Bg7 5. e4 O-O 6. Nge2 e5 7. O-O c5 8. h3 Nc6 9. d3 Nd4 10. Nxd4 cxd4 11. Ne2 Nh5 12. g4 Nf6 13. f4 Nd7 14. f5 f6 15. b4 a5 16. b5 a4 17. Bb2 Nc5 18. Ba3 Bh6 19. Bc1 Bg7 20. h4 a3 21. Ng3 Na4 22. Bh3 Nc3 23. Qf3 gxf5 24. gxf5 Kh8 25. Kh2 Rg8 26. Rg1 Bd7 27. Bd2 Be8 28.
Ne2 Nxe2 29. Qxe2 Qe7 30. Rg2 Qf7 31. Rag1 Qh5 32. Rg4 Bf7 33. Bb4 Bh6 34. Bxd6 Bf4+ 35. Kh1 Rxg4 36. Qxg4 Qh6 37. Qf3 Rg8 38. Bxa3 Qxh4 39.
Rxg8+ Bxg8 40. Be7 Kg7 41. Qg4+ Qxg4 42. Bxg4 Bg5 43. a4 Bf7 44. c5 h5 45. Bd1 Be8 46.
Bb3 Bd2 47. Bd5 Ba5 48. Bxb7 Kf7 49. Bd6 h4 50. Bd5+ Kg7 51. b6 Bxa4 52. b7 Bd1 53. b8=Q Bf3+ 54. Kh2 Kh6 55. Qf8+ Kg5 56. Qg7+ Kf4 57.
Qxf6 Ke3 58. Qxh4 Bd2 59. Bxe5 Ke2 60. Bg3 Kxd3 61. f6 Be3 62. f7 Ke2 63. f8=Q d3 64. Bc4 Kd2 65. Bxd3 Kxd3 66. Qd6+ Ke2 67. e5 Bg1+ 68.
Kxg1 Bd5 69. Qxd5 Ke3 70. Qdd4+ Ke2 71. Qhe4# 1-0

[Event "*** Titled Tuesday Blitz"]
[Site "Chess.com"]
[Date "2021.02.09"]
[Round "9"]
[White "CSB7"]
[Black "Homino"]
[Result "0-1"]
[WhiteElo "2531"]
[BlackElo "2308"]
[TimeControl "180+1"]
[EndTime "11:46:27 PST"]
[Termination "Homino won on time"]

1. d4 Nf6 2. Nf3 c5 3. d5 d6 4. c4 b5 5. cxb5 a6 6. e3 g6 7. Nc3 Bg7 8. a4 O-O 9. Be2 axb5 10. Bxb5 Ba6 11. O-O Bxb5 12. Nxb5 Na6 13. Re1 Nc7 14. Nc3 Ra7 15. e4 Qa8 16. h3 Rb8 17.
Qc2 Rb4 18. Bd2 Nd7 19. Rab1 Rab7 20. b3 R4b6 21. Bg5 Kf8 22. Nd2 Qb8 23. Rb2 Rb4 24.
Reb1 Ne5 25. f4 Nd7 26. Nc4 Bd4+ 27. Kh1 Qa7 28. Na2 Rxc4 29. Qxc4 Bxb2 30. Rxb2 f6 31.
Bh4 Nb6 32. Qc2 Qa5 33. Kh2 Na6 34. Qe2 Nb4 35. Be1 Nd7 36. Nxb4 cxb4 37. Rc2 Nc5 38. e5 dxe5 39. fxe5 Nxb3 40. Rc8+ Kg7 41. exf6+ exf6 42. Qe6 Rf7 43. Bf2 Nd2 44. Bc5 b3 45. Qe8 Nf3+ 46. Kg3 Qe1+ 47. Qxe1 Nxe1 48. d6 Nd3 49. Bd4 b2 50.
Rb8 Rd7 51. Rxb2 Nxb2 52. Bxb2 Rxd6 53. a5 Rd3+ 54. Kh2 Rb3 55. Bc1 Rb5 56. Bd2 Rb7 57. Be1 Ra7 58. Bd2 Kf7 59. Kg3 Ke6 60. Kf4 Kd5 61. Be1 Ra6 62. Bc3 Kc4 63. Be1 Re6 64.
Kf3 Rxe1 0-1

[Event "*** Titled Tuesday Blitz"]
[Site "Chess.com"]
[Date "2021.02.09"]
[Round "9"]
[White "GregShahade"]
[Black "kirillshevchenko"]
[Result "0-1"]
[WhiteElo "2695"]
[BlackElo "2818"]
[TimeControl "180+1"]
[EndTime "11:46:30 PST"]
[Termination "kirillshevchenko won by checkmate"]

1. e4 c5 2. Nf3 d6 3. d4 cxd4 4. Nxd4 Nf6 5. Nc3 Nc6 6. f3 e5 7. Nb3 Be7 8. Be3 Be6 9. Nd5 O-O 10. Qd2 Bxd5 11. exd5 Nb8 12. g4 a5 13. a4 Na6 14.
O-O-O Nb4 15. Kb1 Nfxd5 16. c3 Nxe3 17. Qxe3 Bg5 18. Qe4 Nc6 19. Bc4 Bf4 20. Na1 Qc7 21.
Nc2 Ne7 22. Na3 Rad8 23. Nb5 Qc5 24. Bd5 b6 25. h4 Kh8 26. g5 f5 27. Qc4 Qxc4 28. Bxc4 d5 29. Be2 Be3 30. Rhe1 Bf2 31.
Rh1 Ng6 32. Nc7 Nf4 33. Bb5 Rd6 34. Ne8 Re6 35. Nc7 Rd6 36. Ne8 Rd8 37. Nc7 d4 38. cxd4 exd4 39. Rh2 Be3 40. Rc2 Rc8 41. Rc6 d3 42. Na6 Rxc6 43. Bxc6 Rc8 44. Bd7 Rc4 45. Bxf5 d2 46. Bc2 g6 47. Nb8 Kg7 48. Nd7 Rc7 49. Ne5 Re7 50. Nc4 Ng2 51. Nxd2 Rd7 52. Ne4 Rxd1+ 53. Bxd1 Nxh4 54. Kc2 Nf5 55. Kd3 Bf4 56. Kc4 Ne3+ 57. Kb5 Nxd1 58. Kxb6 Nxb2 59. Kxa5 Kf7 60. Kb5 Nxa4 61. Kxa4 Ke6 62. Nf6 h5 63. Ne4 h4 64. Kb3 h3 65. Kc4 Kf5 66. Kd3 h2 67. Nf2 Kxg5 68. Ke2 Kh4 69. Kf1 Kg3 70. Nh1+ Kxf3 71. Nf2 g5 72. Nh1 Be3 73. Ke1 Kg2 74.
Ke2 Kxh1 75. Kf1 g4 76. Ke2 Kg2 77. Kxe3 h1=Q 78. Kf4 Qh3 79. Kg5 Qf3 80. Kh4 g3 81.
Kg5 Kf2 82. Kh4 g2 83. Kg5 g1=Q+ 84. Kh4 Qfh1# 0-1

[Event "*** Titled Tuesday Blitz"]
[Site "Chess.com"]
[Date "2021.02.09"]
[Round "9"]
[White "enriquetejedor"]
[Black "alexrustemov"]
[Result "1/2-1/2"]
[WhiteElo "2546"]
[BlackElo "2743"]
[TimeControl "180+1"]
[EndTime "11:46:33 PST"]
[Termination "Game drawn by repetition"]

1. d4 g6 2. e4 Bg7 3. h4 d5 4. exd5 Nf6 5. h5 Nxh5 6. Rxh5 gxh5 7.
Qxh5 Nd7 8. Nc3 Nf6 9. Qg5 O-O 10. Bd3 e6 11. dxe6 Qxd4 12. Nf3 Qg4 13. exf7+ Kh8 14.
Qxg4 Bxg4 15. Ng5 h6 16. f3 Bd7 17. Nge4 Nxe4 18. Bxe4 c6 19. Be3 Rxf7 20. O-O-O Bf5 21. Bxf5 Rxf5 22. Ne4 Rd5 23. Rh1 Kh7 24. Rh4 b6 25. c3 Kg6 26. Rg4+ Kf7 27. Kc2 Re8 28. Rf4+ Kg6 29. Rg4+ Kh7 30. Bc1 Rh5 31. a4 Rh1 32. a5 c5 33. axb6 axb6 34. Ng3 Rg1 35. Ne4 Re5 36. Bf4 Rf5 37. Bc7 b5 38. Nd6 Rg5 39.
Rxg5 hxg5 40. g4 b4 41. Ne4 Rg2+ 42. Kb3 Kg6 43. cxb4 Rxb2+ 44. Kc4 cxb4 45. Bd6 b3 46. Ba3 Rb1 47. Nd2 Ra1 48. Kxb3 Be5 49. Bb4 Bf4 50. Ne4 Rf1 51. Kc4 Rxf3 52. Kd4 Rb3 53. Bc5 Be3+ 54.
Kc4 Bxc5 55. Kxb3 Be7 56. Kc4 Kf7 57. Kd5 Kg6 58. Ke5 Bd8 59. Ke6 Bc7 60. Nc3 Bf4 61.
Nd5 Bc1 62. Ne7+ Kg7 63. Kf5 Kf7 64. Ng6 Kg7 65. Ne5 Kh6 66. Nd3 Bd2 67. Nf2 Kh7 68. Ne4 Bc1 69. Kf6 Kh6 70. Ng3 Kh7 71. Nf5 Kg8 72. Kg6 Kf8 73. Kf6 Kg8 74. Ne7+ Kh7 75. Nf5 Kg8 1/2-1/2

[Event "*** Titled Tuesday Blitz"]
[Site "Chess.com"]
[Date "2021.02.09"]
[Round "9"]
[White "AttilaTurzo"]
[Black "PavelShkapenko"]
[Result "1/2-1/2"]
[WhiteElo "2536"]
[BlackElo "2687"]
[TimeControl "180+1"]
[EndTime "11:46:34 PST"]
[Termination "Game drawn by repetition"]

1. d4 Nf6 2. Nf3 e6 3. Bf4 b6 4.
e3 Bb7 5. Nbd2 Be7 6. h3 c5 7. a4 a6 8. Bd3 O-O 9. O-O cxd4 10. exd4 d6 11. Nc4 Qc7 12. a5 b5 13. Nb6 Ra7 14.
b3 Bxf3 15. Qxf3 Nc6 16. c3 Nxa5 17. Rxa5 Qxb6 18. Rfa1 b4 19. Rxa6 Rxa6 20. Rxa6 Qb8 21. c4 e5 22. Be3 Rd8 23. Qc6 Nd7 24. Bf5 exd4 25. Bxd4 Nc5 26. Rb6 Qa7 27. g3 Nxb3 28.
Be3 Qa1+ 29. Kg2 Nd4 30. Bxd4 Qxd4 31. Rxb4 Qc5 32. Rb6 Qxc6+ 33. Rxc6 g6 34. Be4 Kg7 35. Bd5 Rd7 36. Ra6 Rc7 37. h4 h5 38. Kf3 Rd7 39.
Ke4 Rc7 40. Kd3 Bf8 41. f4 Be7 42. Ke4 f5+ 43. Kd3 Bf8 44. Kc3 Be7 45. Kb4 Bf8 46. Kb5 Kf6 47. Kb6 Rd7 48. Ra8 Kg7 49. Kc6 Re7 50. Ra3 Re8 51. Kd7 Re7+ 52. Kc6 Re8 53. Rb3 Kf6 54. Kd7 Re7+ 55. Kd8 Re1 56. Rb7 Be7+ 57. Ke8 Re3 58. Kd7 Re1 59. Rb3 Re2 60.
Kc6 Re1 61. Ra3 Re2 62. Kb5 Re1 63. Kb4 Re2 64. Rd3 Re1 65. Kc3 Re2 66. Rf3 Bd8 67. Kd3 Re7 68. Re3 Rxe3+ 69. Kxe3 Bb6+ 70. Kf3 Bc5 71. Bg8 Kg7 72. Bd5 Kf6 73. Bc6 Kg7 74. Bb5 Kf6 75. Ba6 Kg7 76. Bb7 Kf6 77. Bd5 Kg7 78. Bc6 Kf6 79. Be8 Kg7 80. Bd7 Kf6 81. Bc6 Kg7 82. Bd5 Kf6 1/2-1/2

[Event "*** Titled Tuesday Blitz"]
[Site "Chess.com"]
[Date "2021.02.09"]
[Round "9"]
[White "TimofeevAr"]
[Black "ChessWarrior7197"]
[Result "1-0"]
[WhiteElo "2888"]
[BlackElo "2952"]
[TimeControl "180+1"]
[EndTime "11:46:50 PST"]
[Termination "TimofeevAr won by checkmate"]

1. c4 e6 2. Nf3 d5 3. e3 Nf6 4.
Nc3 a6 5. b3 c5 6. cxd5 exd5 7.
d4 Nc6 8. Bb2 Bg4 9. Be2 Bxf3 10. Bxf3 cxd4 11. exd4 Bd6 12. O-O O-O 13. g3 Bc7 14.
Na4 Re8 15. Rc1 Bd6 16. Nc3 Bf8 17. Kg2 Rc8 18. Qd3 b5 19. Rfe1 Rxe1 20. Rxe1 Qd7 21.
Re2 Bb4 22. Nd1 Bf8 23. Ne3 Nb4 24. Qb1 g6 25. h3 h5 26. Ba3 Nc6 27. Bb2 Bg7 28. Qd1 Re8 29. Nxd5 Rxe2 30. Nxf6+ Bxf6 31. Qxe2 Bxd4 32. Qd1 Qd6 33. Bc1 Ne7 34. Bf4 Qc5 35. Qe2 Kg7 36. h4 Bf6 37. Be3 Qc3 38. Qd2 Qc8 39. Qc1 Qe6 40. Bh6+ Kh7 41. Bf4 Nf5 42. Qc6 Qxc6 43. Bxc6 Bd4 44. Bc7 Bc3 45. Bb7 a5 46. Ba6 Nd4 47. Be5 b4 48. Bc7 Nc2 49. Bxa5 Kg7 50.
Be2 Kf6 51. a4 Nd4 52. Bc4 Ke7 53. Bb6 Nc6 54. Bc5+ Ke8 55. Bb5 Kd7 56. Kf3 Kc7 57. Bxc6 Kxc6 58. Be3 Kd5 59. Ke2 Be5 60. Kd3 Bc7 61. Bd2 Ba5 62. Ke3 Bb6+ 63. Kf3 Bc5 64. Be3 Bd6 65. a5 Kc6 66. a6 Bc7 67. Ke4 f5+ 68.
Kd3 Be5 69. Kc4 Bc3 70. a7 Kb7 71. Kd5 f4 72. Bxf4 Be1 73. Be3 Ka8 74. Ke6 Kb7 75.
Kf7 Bxf2 76. Bxf2 Ka8 77. Kxg6 Kb7 78. Kxh5 Ka6 79. g4 Kb7 80. g5 Ka8 81. g6 Kb7 82. g7 Ka6 83. g8=Q Kb5 84. Qd5+ Ka6 85. Qc6+ Ka5 86. Qb6# 1-0

[Event "*** Titled Tuesday Blitz"]
[Site "Chess.com"]
[Date "2021.02.09"]
[Round "9"]
[White "Margency"]
[Black "Anton_Demchenko"]
[Result "0-1"]
[WhiteElo "2647"]
[BlackElo "2850"]
[TimeControl "180+1"]
[EndTime "11:46:52 PST"]
[Termination "Anton_Demchenko won by resignation"]

1. e4 e5 2. Nf3 Nc6 3. Bc4 Nf6 4. d3 Be7 5. O-O O-O 6. Re1 d6 7. a4 Kh8 8. Nc3 Bg4 9. h3 Bh5 10. Be3 Qc8 11. a5 a6 12. Qe2 Nd4 13. Bxd4 exd4 14. Nd5 Nxd5 15. Bxd5 c6 16. Bb3 d5 17. exd5 Bb4 18. dxc6 Bxe1 19. Rxe1 bxc6 20. g4 Bg6 21. Qe5 c5 22. Qf4 f6 23. Re7 Qd8 24. Rb7 Rb8 25.
Ra7 Bxd3 26. Kg2 Bb5 27. Rc7 Rc8 28. Rxc8 Qxc8 29. Kg3 c4 30. Ba2 d3 31. cxd3 cxd3 32. Bd5 Rd8 33. Be4 Qb8 34. Nd2 g5 35. Qxb8 Rxb8 36.
Kf3 Rc8 37. Ke3 Rc2 38. b3 Ra2 39. b4 Rb2 40. f3 Rxb4 41. Bxd3 Ra4 42. Bf5 Ra3+ 43. Kf2 Rxa5 44. Ne4 Kg7 45. Nd6 Ra2+ 46. Ke3 Ra3+ 47. Kf2 Rb3 48. Be4 Bd7 49. Nb7 Rb6 50. Nc5 Bc8 51. Ke3 a5 52. Kd4 Rb4+ 53. Kd5 Rb2 54.
Kd6 Rb4 55. Kc7 Rc4 56. Kd6 a4 57. Bd5 Rxc5 58. Kxc5 a3 59. Kb4 Kf8 60. Kxa3 Ke7 61. Kb4 Kd6 62. Be4 h6 63. Kc4 Ke5 64. Kc5 Bd7 65. Kb6 Ba4 66. Kc7 Bb5 67. Kd8 Kd6 68.
Bb7 Bd7 69. Be4 Ba4 70. Kc8 Bb5 71. Kd8 Ke5 72. Ke7 Bf1 73. Kf7 Bxh3 74. Kg6 Bg2 75.
Kxh6 Kf4 76. Kg6 Bxf3 77. Bxf3 Kxf3 78. Kf5 Kg3 79. Kxf6 Kxg4 80. Ke5 Kf3 0-1

[Event "*** Titled Tuesday Blitz"]
[Site "Chess.com"]
[Date "2021.02.09"]
[Round "9"]
[White "Alexander_Moskalenko"]
[Black "champ2005"]
[Result "1/2-1/2"]
[WhiteElo "2809"]
[BlackElo "3004"]
[TimeControl "180+1"]
[EndTime "11:46:53 PST"]
[Termination "Game drawn - insufficient material"]

1. d4 Nf6 2. Bg5 d5 3. Nd2 c5 4.
e3 Nc6 5. Ngf3 Bg4 6. c3 Bxf3 7. Nxf3 e6 8. Qb3 Qb6 9. Be2 Bd6 10. O-O Ne4 11. dxc5 Nxc5 12. Qc2 Qc7 13. Bh4 h6 14. Bg3 Bxg3 15. hxg3 O-O 16. c4 dxc4 17. Qxc4 Qe7 18.
Rac1 Nd7 19. a3 Rfd8 20. b4 a6 21. Qb3 Rac8 22. Rc3 Rc7 23. Rfc1 Rdc8 24. Qb2 Nf6 25. R3c2 Nb8 26. Ne5 Qd6 27. Nc4 Qd8 28. Bf3 Nbd7 29. Nd6 Rxc2 30. Rxc2 Rxc2 31. Qxc2 b5 32. Qc6 Nb8 33.
Qc8 Qxc8 34. Nxc8 Kf8 35. Kf1 Ke8 36. Nd6+ Ke7 37. Nb7 Nfd7 38. Ke2 Nb6 39. Na5 Kd6 40.
Kd3 Kc7 41. Bb7 Nc4 42. Be4 f5 43. Bf3 Nb6 44. Kd4 N8d7 45. Bb7 e5+ 46. Kc3 Nb8 47.
Bf3 N8d7 48. Kc2 e4 49. Be2 Ne5 50. Nb3 Nbc4 51. Nc5 Nxa3+ 52. Kb3 Nac4 53. Nxa6+ Kd6 54. Nc5 g5 55. Kc3 Kd5 56. Nb7 Kc6 57. Na5+ Nxa5 58. bxa5 Kc5 59. a6 Nc6 60. g4 f4 61. exf4 gxf4 62.
Bd1 b4+ 63. Kd2 Kd4 64. Kc2 e3 65. fxe3+ fxe3 66. Bf3 Na7 67. Kb3 Kc5 68. Kc2 Kd4 69. Be2 Kc5 70. Kb3 Nc6 71. g3 Nd4+ 72. Kb2 Kb6 73. Bc4 Ka7 74. g5 hxg5 75. g4 Kb6 76.
Kc1 e2 77. Kd2 b3 78. Bxb3 Nxb3+ 79. Kxe2 Nc5 80. Ke3 Kxa6 81. Kd4 Kb5 82. Ke5 Kc4 83. Kf5 Kd5 84. Kxg5 Ke5 85. Kh4 Ne6 86. g5 Kf5 87. g6 Kxg6 1/2-1/2

[Event "*** Titled Tuesday Blitz"]
[Site "Chess.com"]
[Date "2021.02.09"]
[Round "9"]
[White "mishanick"]
[Black "jacky72"]
[Result "1-0"]
[WhiteElo "2924"]
[BlackElo "2701"]
[TimeControl "180+1"]
[EndTime "11:47:03 PST"]
[Termination "mishanick won by checkmate"]

1. c4 Nf6 2. Nc3 c6 3. e4 d5 4. e5 d4 5. exf6 dxc3 6. bxc3 exf6 7. Nf3 Bd6 8. Be2 O-O 9. O-O Bg4 10. d4 Nd7 11. h3 Bh5 12. a4 Re8 13. c5 Bc7 14.
Re1 Nf8 15. Nh4 Bxe2 16. Rxe2 Qd5 17. Qd3 b6 18. c4 Rxe2 19. cxd5 Re1+ 20. Qf1 Bh2+ 21.
Kxh2 Rxf1 22. dxc6 bxc5 23. d5 Rd1 24. Nf5 Ng6 25.
d6 Kf8 26. d7 Ne5 27. Bf4 Rxa1 28. Bxe5 Rd1 29. Bb8 Rxd7 30. c7 Rxc7 31. Bxc7 c4 32. Bd6+ Ke8 33. Bb4 Rb8 34. Ba5 Kd7 35. Nxg7 Rb3 36.
Nf5 Ra3 37. Ne3 Rxa4 38. Bc3 Ke6 39. f4 Ra3 40. f5+ Kd7 41. Bd4 Rd3 42. Bxa7 c3 43. Kg1 Rd2 44. Nf1 c2 45. Nxd2 c1=Q+ 46. Nf1 Kd6 47.
Be3 Qc2 48. Ng3 Ke5 49. Kh2 Qd3 50. Bh6 Qc2 51. Bf8 Qa2 52. Bh6 Qb1 53. Be3 Kd5 54. Bh6 Kc4 55. Bg7 Kd3 56. Bxf6 Kd2 57. Bd4 Kd3 58. Bf2 Qb2 59. Bc5 Kc4 60. Bd6 Kd5 61.
Bf4 Qb1 62. Bg5 Qc2 63. Bf4 Qb1 64. h4 Qc2 65. Kh3 Qb1 66. h5 Qc2 67. Bg5 Ke5 68. Be3 Kf6 69. Bf4 Qd3 70. Kg4 Qd1+ 71. Kh4 Qc2 72. Bg5+ Ke5 73. Kh3 Qd1 74. Bh6 Kd4 75.
Bf4 Kd5 76. Kh4 Qg1 77. Kg5 Qxg2 78. Kf6 Qf3 79. Bb8 Qb3 80. Bf4 Qxg3 81. Bxg3 Ke4 82. h6 Kf3 83. Bd6 Kg4 84. Bf8 Kh5 85. Kxf7 Kg5 86.
f6 Kf5 87. Bg7 Kg5 88. Kg8 Kh5 89. f7 Kg5 90. f8=Q Kh5 91. Qf5+ Kh4 92. Bf6+ Kg3 93. Kxh7 Kh2 94. Kg7 Kg1 95. h7 Kh1 96. h8=Q+ Kg1 97. Qf4 Kg2 98. Qhh2# 1-0